 Dungeon Crawl Stone Soup version 0.31-a0-523-g071a6c1ffa (webtiles) character file.

Game seed: 3063964025886609344

119 Dittersdorf the Covered (level 5, -4/33 HPs)
             Began as a Gargoyle Fighter on Aug 11, 2023.
             Killed by divine providence
             ... invoked by an orc priest
              (15 damage)
             ... on level 4 of the Dungeon.
             The game lasted 00:02:32 (2539 turns).

Dittersdorf the Covered (Gargoyle Fighter)          Turns: 2539, Time: 00:02:33

Health: -4/33      AC: 17    Str: 22    XL:     5   Next: 3%
Magic:  5/5        EV:  9    Int:  8    God:
Gold:   180        SH:  4    Dex:  9    Spells: 4/4 levels left

rFire   . . .        a - +0 flail
rCold   . . .        c - +0 buckler
rNeg    + . .        b - +0 scale mail
rPois   ∞            (no helmet)
rElec   +            q - +0 cloak
rCorr   .            (no gloves)
SInv    .            e - +0 pair of boots
Will    .....        (no amulet) Stlth
                     g - +4 ring of protection
HPRegen 0.25/turn    (no ring)
MPRegen 0.09/turn

%: no passive effects
@: no status effects
A: sickness immunity, AC +4, negative energy resistance 1, electricity
resistance, torment resistance 1, petrification resistance
a: no special abilities


You were on level 4 of the Dungeon.
You visited 1 branch of the dungeon, and saw 4 of its levels.

You collected 180 gold pieces.

Inventory:

Hand Weapons
 a - a +0 flail (weapon)
Armour
 b - a +0 scale mail (worn)
 c - a +0 buckler (worn)
 e - a +0 pair of boots (worn)
 q - a +0 cloak (worn)
Jewellery
 g - a +4 ring of protection (left hand)
Wands
 o - a wand of mindburst (5)
 r - a wand of roots (3)
Scrolls
 f - 2 scrolls of identify {unknown}
 h - 3 scrolls of blinking {unknown}
 i - 3 scrolls of fear {unknown}
 l - a scroll of fog {unknown}
 s - a scroll of brand weapon {unknown}
 t - a scroll of silence {unknown}
Potions
 d - a potion of might
 j - 3 potions of brilliance {unknown}
 k - 3 potions of degeneration {unknown}
 m - a potion of heal wounds {unknown}
 n - 2 potions of curing {unknown}
 p - a potion of magic {unknown}


   Skills:
 + Level 4.1 Fighting
 + Level 3.0 Maces & Flails
 + Level 4.1 Armour
 + Level 4.1 Shields


You had 4 spell levels left.
You didn't know any spells.
Your spell library contained the following spells:

 Spells                   Type           Power      Damage    Failure   Level
 Ozocubu's Armour         Ice            0%         N/A       99%         3
 Ozocubu's Refrigeration  Ice            0%         4d7       100%        7


Dungeon Overview and Level Annotations

Branches:
Dungeon (4/15)
 Temple: D:4-7

Altars:


Innate Abilities, Weirdness & Mutations

You are immune to sickness and miasma.
Your stone body is resilient. (AC +4)
You are immune to poison.
You resist negative energy. (rN+)
You are resistant to electric shocks. (rElec)
You are resistant to unholy torment.
You are immune to petrification.


Message History

The orc wizard flickers and vanishes!
Deactivating autopickup; reactivate with Ctrl-A.
The worm closely misses you.
You barely miss the worm. The orc hits you but does no damage.
The orc hits you from afar with a +0 trident.
You sock the sleepcap!
The sleepcap is heavily damaged.
The worm bites you but does no damage. The orc hits you but does no damage.
The sleepcap closely misses you.
You hit the sleepcap but do no damage.
The sleepcap is heavily damaged.
The orc hits you but does no damage. The sleepcap barely misses you.
The worm closely misses you.
You hit the sleepcap.
The sleepcap is severely damaged.
The sleepcap releases spores at you. The endoplasm freezes you.
You are frozen.
The worm bites you but does no damage.
You are too injured to fight recklessly!
You are too injured to fight recklessly!
You are too injured to fight recklessly!
You are too injured to fight recklessly!
You are too injured to fight recklessly!
You are too injured to fight recklessly!
You are too injured to fight recklessly!
You are too injured to fight recklessly!
You are too injured to fight recklessly!
You are too injured to fight recklessly!
You are too injured to fight recklessly!
You are too injured to fight recklessly!
You are too injured to fight recklessly!
You are too injured to fight recklessly!
The endoplasm freezes you.
You are frozen.
The sleepcap barely misses you.
The endoplasm hits you but does no damage.
The sleepcap attacks as you move away!
The sleepcap releases spores at you but does no damage.
The orc priest mumbles some strange prayers to Beogh against you.
Beogh smites you!
You die...

..#.##.# #.#
..#.##.## #.#
.......
........#### #.#
#........
..#####....###.#
#........ ..#
###...##.#
#........ #...#
#......# #........
###.#
###.##.###.......
... #............?.
#.. ###..#@fJ.###
.. ......<#..wo#
...#.##.#.##.o....#
...... #...#
#o.....
............ o.####
....#.##.... .#
...# ...... .#
#...... # ..#..


You could see a sleepcap, a worm, an orc priest, an orc wizard, an orc and an
endoplasm.

Vanquished Creatures
  Crazy Yiuf (D:3)
  2 adders
  An ufetubus (D:3)
  2 worms (D:2)
  2 dart slugs
  3 bats
  3 endoplasms
  3 giant cockroaches
  8 goblins
  7 hobgoblins
  3 quokkas
  6 ball pythons
  4 frilled lizards
  9 kobolds
  6 rats
60 creatures vanquished.

Notes
Turn   | Place    | Note
-------+----------+-------------------------------------------
     0 | D:1      | Dittersdorf the Gargoyle Fighter began the quest for the
                  | Orb.
     0 | D:1      | Reached XP level 1. HP: 14/14 MP: 1/1
    57 | D:1      | You fall into a shaft and drop 1 floor!
    74 | D:2      | Reached XP level 2. HP: 19/19 MP: 2/2
   562 | D:1      | Reached XP level 3. HP: 23/23 MP: 3/3
  1249 | D:2      | Reached XP level 4. HP: 21/29 MP: 4/4
  1797 | D:3      | Identified the +11 dagger "Acaem" {heavy, *Slow Will+
                  | Int+4}
  2084 | D:3      | Found a runed translucent door.
  2085 | D:3      | Noticed Crazy Yiuf
  2301 | D:3      | Killed Crazy Yiuf
  2444 | D:4      | Reached XP level 5. HP: 23/33 MP: 5/5
  2539 | D:4      | Killed from afar by an orc priest

Illustrated notes

Levels and vault maps discovered:
D:1:      scummos_arrival_hexagon, layout_loops_ring, minmay_stone_trees_small,
          wander_ebering_terrifying_dragon_lair
D:2:      layout_basic
D:3:      layout_basic, chequers_serial_rivers_micro_b, uniq_crazy_yiuf_cottage
D:4:      layout_rooms, minitemple, gammafunk_temple_overflow_elements

Skill      XL: |  1  2  3  4 |
---------------+-------------+-----
Armour         | 4 |  4.1
Fighting       | 4 |  4.1
Maces & Flails | 3 |  3.0
Shields        | 4 |  4.1

Action                     |  1- 3 |  4- 6 || total
---------------------------+-------+-------++-------
  Melee: Flail             |   122 |    83 ||   205
  Evoke: Wand              |       |     3 ||     3
 Armour: Scale mail        |    59 |    91 ||   150
  Dodge: Dodged            |    47 |    56 ||   103
  Block: Buckler           |    24 |    30 ||    54

Table legend: (Time is in decaauts)
 A = Elapsed time spent in this place.
 B = Non-inter-level travel time spent in this place.
 C = Inter-level travel time spent in this place.
 D = Time resting spent in this place.
 E = Time spent auto-exploring this place.
 F = Levels seen in this place.
 G = Mean time per level.
                   A        B        C        D        E       F      G
               +--------+--------+--------+--------+--------+-----+--------+
         Total |   2588 |   2487 |    101 |      0 |   1994 |   4 |  647.0 |
       Dungeon |   2588 |   2487 |    101 |      0 |   1994 |   4 |  647.0 |
               +--------+--------+--------+--------+--------+-----+--------+

Top non-repeatable levels by time:
     D:2: 957 daAuts
     D:1: 723 daAuts
     D:3: 687 daAuts
     D:4: 220 daAuts
